 Dungeon Crawl Stone Soup version 0.16.1-5-gaa23807 (console) character file.

92 Monkaria the Slasher (level 4, 0/40 HPs)
             Began as a Minotaur Skald on Mar 28, 2015.
             Slain by an ice beast (14 damage)
             ... on level 3 of the Dungeon.
             The game lasted 00:02:39 (2088 turns).

Monkaria the Slasher (Minotaur Skald)               Turns: 2088, Time: 00:02:39

Health: 0/40       AC:  3    Str: 17    XL:     4   Next: 35%
Magic:  4/4        EV: 11    Int:  9    God:
Gold:   135        SH:  0    Dex: 10    Spells: 1 memorised, 4 levels left

rFire  . . .     SeeInvis .     a - +0 falchion
rCold  . . .     Clarity  .     b - +0 leather armour
rNeg   . . .     SustAb   .     (no shield)
rPois  .         Gourm    +     (helmet restricted)
rElec  .         Spirit   .     (no cloak)
rCorr  .         Warding  .     (no gloves)
rMut   .         Stasis   .     (no boots)
MR     .....                    t - amulet of the gourmand
Stlth  ++........               (no ring)
                                o - ring of stealth

@: not resistant to hostile enchantments, unstealthy
A: retaliatory headbutt, horns 2
a: no special abilities


You were on level 3 of the Dungeon.
You were hungry.

You visited 1 branch of the dungeon, and saw 3 of its levels.

You collected 135 gold pieces.

Inventory:

Hand weapons
 a - a +0 falchion (weapon)
Missiles
 g - 4 poisoned needles
Armour
 b - a +0 leather armour (worn)
Jewellery
 l - an uncursed amulet of stasis
 o - a ring of stealth (left hand)
 t - an amulet of the gourmand (around neck)
Scrolls
 h - 2 scrolls of remove curse
 j - a scroll of enchant armour {unknown}
 n - a scroll of identify {unknown}
 s - a scroll of fog {unknown}
 v - a scroll of magic mapping {unknown}
Potions
 i - 4 potions of might {unknown}
 k - a potion of heal wounds {unknown}
 q - 4 potions of curing {unknown}
 r - 2 potions of invisibility {unknown}
 u - a potion of brilliance {unknown}
 w - a potion of agility {unknown}
Books
 c - a book of Battle

   Spells                             Type                      Level
   a - Infusion                       Charms                       1
   b - Shroud of Golubria             Charms/Translocation         2
   c - Song of Slaying                Charms                       2
   d - Spectral Weapon                Hexes/Charms                 3
   e - Regeneration                   Charms/Necromancy            3
Comestibles
 d - 3 bread rations
 m - a meat ration
 p - a slice of pizza


   Skills:
 - Level 4.2 Fighting
 + Level 4.3 Long Blades
 - Level 1.2 Armour
 - Level 1.1 Dodging
 - Level 1.3 Spellcasting
 - Level 2.0 Charms


You had 4 spell levels left.
You knew the following spells:

 Your Spells              Type           Power        Failure   Level  Hunger
a - Infusion              Chrm           #.....       21%         1    ##.....


Dungeon Overview and Level Annotations

Branches:
Dungeon (3/15)

Altars:


Innate Abilities, Weirdness & Mutations

You reflexively headbutt those who attack you in melee.
You have a pair of horns on your head.


Message History

The adder is severely wounded.
The adder closely misses you. The adder bites you.
The ice beast hits you but does no damage.
You hit the adder.
You kill the adder!
The ice beast hits you but does no damage.
You hit the ice beast but do no damage. The ice beast barely misses you.
You hit the ice beast!
The ice beast is moderately wounded.
The ice beast hits you. The ice beast freezes you!
You hit the ice beast. You headbutt the ice beast!
The ice beast is severely wounded.
You barely miss the ice beast.
The ice beast is severely wounded.
The ice beast closely misses you. The ice beast hits you.
The ice beast freezes you!
You closely miss the ice beast. Your headbutt misses the ice beast.
The ice beast is severely wounded.
The ice beast hits you. The ice beast freezes you!
You die...

#.. ##. #. #.
###+##### #.
###.....≈≈## #.
##≈≈......≈.##
#.
#≈≈.......≈≈..#
#.
#.≈.#.Y@...#≈≈P
#.
#.#≈###....## ≈
#. ..Y≈
#......# ##. #.
≈........≈ #..
≈≈#......#≈≈≈
#.. ≈[###....##
. #.. ≈ ......
#.. ....... #..
... #..


You could see an ice beast.

Vanquished Creatures
  3 adders
  3 worms (D:2)
  A giant gecko (D:2)
  An ooze (D:1)
  An orc (D:3)
  2 ball pythons
  A goblin (D:1)
  7 hobgoblins
  3 jackals (D:2)
  2 quokkas (D:3)
  7 bats
  3 giant cockroaches
  4 giant newts
  3 kobolds
  4 rats
45 creatures vanquished.

Notes
Turn   | Place    | Note
--------------------------------------------------------------
     0 | D:1      | Monkaria, the Minotaur Skald, began the quest for the Orb.
     0 | D:1      | Reached XP level 1. HP: 18/18 MP: 2/2
   160 | D:1      | Reached skill level 3 in Fighting
   285 | D:1      | Reached XP level 2. HP: 20/26 MP: 2/2
   646 | D:2      | Reached skill level 4 in Fighting
   646 | D:2      | Reached XP level 3. HP: 14/33 MP: 3/3
  1745 | D:3      | Reached XP level 4. HP: 26/40 MP: 4/4
  2076 | D:3      | Noticed an ice beast
  2088 | D:3      | Slain by an ice beast

Action                   |  1- 3 |  4- 6 || total
-------------------------+-------+-------++-------
Melee: Falchion          |    95 |    20 ||   115
  Use: Scroll            |       |     3 ||     3
 Stab: Sleeping          |     1 |     1 ||     2
  Eat: Chunk             |     3 |       ||     3
